 Dungeon Crawl Stone Soup version 0.23.1 (webtiles) character file.

Game seed: 14083406964457047864

83 Chiseanne the Sneak (level 4, 0/22 HPs)
             Began as a Spriggan Assassin on Mar 7, 2019.
             Slain by a goblin (1 damage)
             ... led by Robin
             ... on level 3 of the Dungeon.
             The game lasted 00:03:27 (1884 turns).

Chiseanne the Sneak (Spriggan Assassin)             Turns: 1884, Time: 00:03:28

Health: 0/22       AC:  4    Str:  5 (7)  XL:     4   Next: 22%
Magic:  5/5        EV: 18    Int: 10 (12) God:
Gold:   102        SH:  0    Dex: 16 (18) Spells: 3/3 levels left

rFire    + . .     SeeInvis +   a - +2 dagger
rCold    + . .     Gourm    .   (shield restricted)
rNeg     . . .     Faith    .   o - +0 robe (curse)
rPois    +         Spirit   .   (helmet restricted)
rElec    +         Reflect  .   d - +1 cloak
rCorr    +         Harm     .   (gloves unavailable)
MR       .....                  (boots unavailable)
Stlth    ++++......             (no amulet)
HPRegen  0.07/turn              (no ring)
MPRegen  0.09/turn              (no ring)

@: resistant, very quick
A: very small, unfitting armour, see invisible, herbivore, speed 3, slow
metabolism 2
a: no special abilities


You were on level 3 of the Dungeon.
You were not hungry.

You visited 1 branch of the dungeon, and saw 3 of its levels.

You collected 102 gold pieces.

Inventory:

Hand Weapons
 a - a +2 dagger (weapon)
 w - a +0 blowgun
Missiles
 e - 8 poisoned needles
 f - 2 curare-tipped needles
 h - 52 sling bullets
 j - 70 stones (quivered)
 l - 63 arrows
Armour
 d - a +1 cloak (worn)
 o - a cursed +0 robe (worn)
Scrolls
 b - a scroll of teleportation
Potions
 c - a potion of resistance
 i - a potion of flight
 m - a potion of invisibility {unknown}
 n - a potion of curing {unknown}
Comestibles
 g - 3 rations


   Skills:
 - Level 1.5 Fighting
 + Level 3.1 Short Blades
 - Level 2.0 Throwing
 + Level 3.2 Dodging
 * Level 7.4 Stealth


You had 3 spell levels left.
You didn't know any spells.
Your spell library was empty.

Dungeon Overview and Level Annotations

Branches:
Dungeon (3/15)

Altars:

Annotations:
D:3 Robin


Innate Abilities, Weirdness & Mutations

You are very small and have problems with some larger weapons.
You are too small for most types of armour.
You have supernaturally acute eyesight. (SInv)
You are a herbivore.
You cover ground extremely quickly.
You need to consume almost no food.


Message History

The goblin misses you. The goblin hits you.
* * * LOW HITPOINT WARNING * * *
The goblin barely misses you. The hobgoblin completely misses you.
You hit the goblin.
The goblin is heavily wounded.
The goblin hits you but does no damage. The goblin barely misses you.
The goblin closely misses you. The goblin completely misses you.
The hobgoblin barely misses you.
A hobgoblin comes into view. It is wielding a +0 club.
Okay, then.
It was a potion of resistance.
You feel protected. The goblin hits you but does no damage.
The goblin misses you. The goblin closely misses you.
The goblin completely misses you.
A rat comes into view.
It was a potion of degeneration.
There was something very wrong with that liquid.
You feel weakened.
You feel dopey.
You feel clumsy. The hobgoblin barely misses you. The goblin hits you.
You die...

####....r
........g.
..........
#........g#
#.......gS#
#......ggg# ..
#......ggg# ...#
#......gg@#.....
#.......gg#..... .
.......†........
... .#.............
.....#.............
.......<........=..
...>.......)..[....
####..........#....
#...........(...


You could see Robin, 5 hobgoblins, 7 goblins, a ball python and a rat.

Vanquished Creatures
  3 adders (D:2)
  An ooze (D:1)
  3 dart slugs
  3 leopard geckos
  3 giant cockroaches
  6 goblins
  5 hobgoblins
  3 jackals (D:1)
  2 kobolds
  2 quokkas (D:2)
  2 ball pythons
  5 bats
  A frilled lizard (D:1)
  2 rats (D:1)
41 creatures vanquished.

Notes
Turn   | Place    | Note
-------+----------+-------------------------------------------
     0 | D:1      | Chiseanne the Spriggan Assassin began the quest for the
                  | Orb.
     0 | D:1      | Reached XP level 1. HP: 10/10 MP: 2/2
   118 | D:1      | Reached skill level 6 in Stealth
   168 | D:1      | Reached XP level 2. HP: 7/14 MP: 3/3
   662 | D:1      | Reached XP level 3. HP: 5/18 MP: 4/4
  1124 | D:2      | Reached skill level 7 in Stealth
  1577 | D:2      | Reached XP level 4. HP: 19/22 MP: 5/5
  1873 | D:3      | Noticed Robin
  1881 | D:3      | HP: 1/22 [goblin[Robin] (4)]
  1884 | D:3      | Slain by a goblin

Skill      XL: |  1  2  3 |
---------------+----------+-----
Stealth        | 6 7 |  7.4
Dodging        | 2 3 |  3.2
Short Blades   | 3 |  3.1
Fighting       | |  1.5
Throwing       | |  2.0

Action                   |  1- 3 |  4- 6 || total
-------------------------+-------+-------++-------
Melee: Dagger            |   111 |    13 ||   124
 Fire: Blowgun           |     3 |       ||     3
  Use: Scroll            |     5 |       ||     5
       Potion            |       |     2 ||     2
 Stab: Sleeping          |     8 |     2 ||    10
       Distracted        |     2 |       ||     2
Armor: Robe              |    10 |     1 ||    11
Dodge: Dodged            |    86 |    26 ||   112
